 Dungeon Crawl Stone Soup version 0.32-a0-450-g080537f31e (webtiles) character file.

Game seed: 5572432675655789865

15256 discipleofbeogh the Thaumaturge (level 11, -14/50 HPs)
             Began as a Spriggan Alchemist on Feb 22, 2024.
             Was an Elder of Sif Muna.
             Killed from afar by an oklob plant (32 damage)
             ... with a splash of acid
             ... on level 1 of the Lair of Beasts on Feb 23, 2024.
             The game lasted 00:48:55 (11811 turns).

discipleofbeogh the Thaumaturge (SpAl)             Turns: 11811, Time: 00:48:56

Health: -14/50     AC: -1    Str:  4    XL:     11   Next: 99%
Magic:  45/48      EV: 20    Int: 22    God:    Sif Muna [****..]
Gold:   570        SH:  0    Dex: 17    Spells: 12/39 levels left

rFire   + + .        z - staff of the Enormous God {rPois rF+ Dex+2 Alchemy}
rCold   + . .        (shield currently unavailable)
rNeg    . . .        h - +2 robe {rC+ rF+}
rPois   +            D - +0 hat
rElec   .            B - +2 cloak
rCorr   .            (gloves unavailable)
SInv    +            (boots unavailable)
Will    +....        (no amulet)
Stlth   +++          F - ring of magical power
HPRegen 0.28/turn    w - ring of magical power
MPRegen 0.31/turn

%: no passive effects
@: corroded, very quick
A: very small, no large weapons, unfitting armour, see invisible, speed 3
a: Renounce Religion, Channel Magic, Forget Spell, Divine Exegesis


You were on level 1 of the Lair of Beasts.
You worshipped Sif Muna.
Sif Muna was greatly pleased with you.
You visited 3 branches of the dungeon, and saw 12 of its levels.
You also visited: Sewer and Volcano.

You collected 720 gold pieces.
You spent 150 gold pieces at shops.

Inventory:

Hand Weapons
 j - a +2 short sword of freezing
Missiles
 p - 6 atropa-tipped darts
 q - 14 poisoned darts
 N - 2 throwing nets
Armour
 h - a +2 robe of resistance (worn)
 x - the +1 robe "Opezim" {^Drain rElec Will- Dex+9 Archmagi}
   (You found it on level 4 of the Dungeon)

   Dex+9:     It affects your dexterity (+9).
   rElec:     It insulates you from electricity.
   Will-:     It decreases your willpower.
   ^Drain:    It drains your maximum health when unequipped.
   Archmagi:  It increases the power of your magical spells.
 B - a +2 cloak (worn)
 D - a +0 hat (worn)
Magical Staves
 f - a staff of conjuration
 z - the staff of the Enormous God (weapon) {rPois rF+ Dex+2 Alchemy}
   (You acquired it on level 8 of the Dungeon)

   [staff of alchemy]

   Base accuracy: +5 Base damage: 5 Base attack delay: 1.2 This weapon's minimum
   attack delay (0.6) is reached at skill level 12.
   Dex+2:     It affects your dexterity (+2).
   rF+:       It protects you from fire.
   rPois:     It protects you from poison Alchemy: It increases the power of
   your Alchemy spells.
   It falls into the 'Staves' category.
   It is a two-handed weapon.
Jewellery
 n - a ring of positive energy
 v - a ring of flight
 w - a ring of magical power (right hand)
 A - a +4 ring of protection
 F - a ring of magical power (left hand)
 G - a ring of protection from fire
 H - a ring of positive energy
 L - an amulet of guardian spirit
Wands
 a - a wand of polymorph (14)
 I - a wand of flame (33)
 P - a wand of paralysis (6)
Scrolls
 g - a scroll of fear
 m - a scroll of immolation
 o - 5 scrolls of teleportation
 s - a scroll of torment
 t - 3 scrolls of amnesia
 u - 2 scrolls of fog
 y - a scroll of blinking
 C - a scroll of silence
 E - a scroll of vulnerability
 K - 2 scrolls of poison
Potions
 b - a potion of ambrosia
 c - a potion of heal wounds
 d - 6 potions of curing
 e - a potion of mutation
 i - 3 potions of magic
 k - 2 potions of brilliance
 l - a potion of might
 r - a potion of degeneration
 J - 4 potions of lignification
 M - a potion of haste {unknown}


   Skills:
 + Level 1.8 Fighting
 + Level 0.3 Short Blades
 + Level 1.3 Staves
 + Level 6.4 Dodging
 + Level 4.6 Stealth
 + Level 14.5 Spellcasting
 + Level 4.0 Conjurations
 + Level 5.2 Fire Magic
 + Level 2.3 Air Magic
 + Level 1.8 Earth Magic
 + Level 12.3 Alchemy


You had 12 spell levels left.
You knew the following spells:

 Your Spells              Type           Power      Damage    Failure   Level
a - Sting                 Conj/Alch      100%       1d9       1%          1
b - Mercury Vapours       Alch/Air       100%       N/A       1%          2
c - Mephitic Cloud        Conj/Alch/Air  60%        N/A       1%          3
d - Sticky Flame          Fire/Alch      70%        2d11      1%          4
e - Scorch                Fire           78%        2d8       1%          2
f - Olgreb's Toxic Radia  Alch           81%        N/A       1%          4
g - Flame Wave            Conj/Fire      36%        2d10      5%          4
h - Ignite Poison         Fire/Alch      70%        N/A       1%          4
i - Stone Arrow           Conj/Erth      56%        3d10      3%          3

Your spell library contained the following spells:

 Spells                   Type           Power      Damage    Failure   Level
 Ensorcelled Hibernation  Hex/Ice        32%        N/A       6%          2
 Fugue of the Fallen      Necr           16%        N/A       12%         3
 Animate Armour           Summ/Erth      40%        N/A       26%         4
 Anguish                  Hex/Necr       8%         N/A       36%         4
 Summon Cactus Giant      Summ           8%         N/A       99%         6
 Lehudib's Crystal Spear  Conj/Erth      14%        10d5      100%        8


Dungeon Overview and Level Annotations

Branches:
Dungeon (10/15)            Temple (1/1) D:6            Lair (1/5) D:10
    Orc (0/2) D:10          Sewer (visited)         Volcano (visited)

Altars:
Ashenzari
Cheibriados
Dithmenos
Elyvilon
Fedhas
Gozag
Hepliaklqana
Kikubaaqudgha
Makhleb
Nemelex Xobeh
Okawaru
Qazlal
Ru
Sif Muna
Trog
Uskayaw
Vehumet
Wu Jian
Xom
Yredelemnul
Zin
The Shining One

Shops:
D:3 [   D:6 ::   D:10 (

Annotations:
D:9 1 transporter
Lair:1 exclusion: oklob plant


Innate Abilities, Weirdness & Mutations

You are very small and have problems with some larger weapons.
You are too small for most types of armour.
You have supernaturally acute eyesight. (SInv)
You cover ground extremely quickly. (Speed+++)


Message History

You start resting.
HP restored.
Casting: Ignite Poison (dangerous; 1% risk of failure)
Confirm with . or Enter, or press ? or * to list all spells.
Okay, then.
Casting: Ignite Poison (dangerous; 1% risk of failure)
Confirm with . or Enter, or press ? or * to list all spells.
Aiming: Mercury Vapours (safe; 1% risk of failure)
Press: ? - help, Dir - move target
Okay, then.
Casting: Mercury Vapours (safe; 1% risk of failure)
Confirm with . or Enter, or press ? or * to list all spells.
Aiming: Mercury Vapours (safe; 1% risk of failure)
Press: ? - help, Dir - move target, f - oklob plant
Aim: an oklob plant (chance to weaken: 68%)
You feel a surge of power!
Fumes of mercury billow around the oklob plant!
The oklob plant looks weaker.
Casting: Mercury Vapours (safe; 1% risk of failure)
Confirm with . or Enter, or press ? or * to list all spells.
Aiming: Mercury Vapours (safe; 1% risk of failure)
Press: ? - help, Dir - move target, f/p - oklob plant
Aim: an oklob plant (weak, chance to weaken: 68%)
You feel a surge of power!
Fumes of mercury billow around the oklob plant!
The oklob plant looks even weaker.
The oklob plant spits acid at you. The splash of acid hits you!
The acid corrodes you!
Casting: Mercury Vapours (safe; 1% risk of failure)
Confirm with . or Enter, or press ? or * to list all spells.
Okay, then.
The oklob plant spits acid at you. The splash of acid hits you!!
The acid corrodes you!
Casting: Mercury Vapours (safe; 1% risk of failure)
Confirm with . or Enter, or press ? or * to list all spells.
You can't see any susceptible monsters within range! (Use Z to cast anyway.)
The oklob plant spits acid at you. The splash of acid hits you!!
Ouch! That really hurt!
You die...

######### ####
#.#.#.PP#P#####.P######
#P............^........
#..###@###....รท........
#..##P.# #.....###.....
#..###.# ##...## ##....
#..###.## #...# #....
#..##...# #...# #....
#..###.## #...# #....
##..###.# #...## #....
#...##..## #....# #....
##..###..# #...## #....


You could see an oklob plant (weak).

Vanquished Creatures
  Harold (D:10)
  A two-headed ogre (D:9)
  2 deep elf archers (Volcano)
  5 deep elf pyromancers (Volcano)
  3 elephants (Lair:1)
  2 cane toads (Lair:1)
  A kobold demonologist (D:9)
  2 trolls (D:10)
  Sigmund (D:4)
  3 shadows
  A basilisk (Lair:1)
  6 yaks
  A wyvern (D:8)
  3 fire elementals (Volcano)
  2 steam dragons
  Grum (D:9)
  Menkaure (D:7)
  An acid dragon (D:10)
  5 hell hounds (Volcano)
  2 water moccasins
  9 orc warriors
  A sky beast (D:8)
  A black bear (D:5)
  A crocodile (Sewer)
  3 ice beasts
  4 centaurs
  5 wolves
  2 ogres
  3 phantoms
  2 bullfrogs (Lair:1)
  A kobold brigand (D:10)
  2 gnoll sergeants
  3 scorpions
  A wight (D:10)
  22 killer bees
  2 electric eels (D:10)
  A howler monkey (D:7)
  2 jellies
  A gnoll bouda (D:5)
  9 orc priests
  5 hounds (D:10)
  A sleepcap (D:5)
  Jessica (D:3)
  3 iguanas
  7 orc wizards
  18 gnolls
  4 adders
  2 shadow imps
  3 white imps
  2 ufetubi (D:6)
  4 ribbon worms
  2 dart slugs
  45 orcs
  9 bats
  9 endoplasms
  7 giant cockroaches
  4 goblins
  11 hobgoblins
  3 jackals (Sewer)
  10 kobolds
  7 quokkas
  6 ball pythons
  5 frilled lizards
  6 rats
293 creatures vanquished.

Notes
Turn   | Place    | Note
-------+----------+-------------------------------------------
     0 | D:1      | discipleofbeogh the Spriggan Alchemist began the quest for
                  | the Orb.
     0 | D:1      | Reached XP level 1. HP: 9/9 MP: 5/5
     8 | D:1      | You fall into a shaft and drop 1 floor!
   262 | D:1      | Reached XP level 2. HP: 13/13 MP: 2/6
   263 | D:1      | Found a faded altar of an unknown god.
   373 | D:1      | Reached skill level 3 in Spellcasting
   626 | D:1      | Reached XP level 3. HP: 16/16 MP: 0/8
   629 | D:1      | Learned a level 2 spell: Mercury Vapours
  1001 | D:2      | Learned a level 3 spell: Mephitic Cloud
  1529 | D:3      | Noticed an ice beast
  1532 | D:3      | Found Xuiba's Antique Armour Emporium.
  1532 | D:3      | Noticed Jessica
  1572 | D:3      | Reached skill level 1 in Conjurations
  1575 | D:3      | Found a glowing drain.
  1585 | Sewer    | Entered a sewer
  1796 | Sewer    | Noticed a crocodile
  1821 | Sewer    | Killed a crocodile
  1822 | Sewer    | Reached skill level 4 in Spellcasting
  1822 | Sewer    | Reached XP level 4. HP: 21/21 MP: 0/11
  1822 | Sewer    | Reached XP level 5. HP: 24/24 MP: 0/12
  1937 | Sewer    | Learned a level 4 spell: Sticky Flame
  1967 | D:3      | Reached skill level 5 in Alchemy
  2059 | D:3      | Upgraded the game from 0.32-a0-433-g08bcfe7efd to
                  | 0.32-a0-450-g080537f31e
  2543 | D:3      | Killed an ice beast
  2544 | D:3      | Reached XP level 6. HP: 14/28 MP: 4/13
  2649 | D:3      | Killed Jessica
  2879 | D:3      | Learned a level 2 spell: Scorch
  3249 | D:4      | Noticed Sigmund
  3340 | D:4      | Identified the +1 robe "Opezim" {^Drain rElec Will- Dex+9
                  | Archmagi}
  3380 | D:4      | Reached skill level 5 in Spellcasting
  3380 | D:4      | Reached skill level 1 in Air Magic
  3380 | D:4      | Reached XP level 7. HP: 32/32 MP: 0/15
  3463 | D:4      | Reached skill level 1 in Fighting
  3501 | D:4      | Killed Sigmund
  3502 | D:4      | Reached skill level 1 in Staves
  3502 | D:4      | Reached skill level 5 in Dodging
  4109 | D:5      | Entered Level 5 of the Dungeon
  4129 | D:5      | Found a snail-covered altar of Cheibriados.
  4343 | D:5      | Reached skill level 1 in Fire Magic
  4558 | D:5      | Reached XP level 8. HP: 37/37 MP: 8/17
  4746 | D:5      | Reached skill level 6 in Spellcasting
  4887 | D:5      | Learned a level 4 spell: Olgreb's Toxic Radiance
  5093 | D:5      | Found a hide-covered altar of Uskayaw.
  5228 | D:6      | Found a shimmering blue altar of Sif Muna.
  5426 | D:6      | Reached skill level 7 in Spellcasting
  5602 | D:6      | Found a staircase to the Ecumenical Temple.
  5636 | Temple   | Entered the Ecumenical Temple
  5700 | Temple   | Learned a level 4 spell: Flame Wave
  5792 | D:6      | Found an opulent altar of Gozag.
  5817 | D:6      | Found Xicofyut's Book Shop.
  5876 | D:6      | Found Toosk's Tiny Tomes.
  5882 | D:6      | Bought Sif Muna's Book of Takwin for 150 gold pieces
  5972 | D:6      | Found a hazy altar of Hepliaklqana.
  6106 | D:6      | Became a worshipper of Sif Muna the Loreminder
  6141 | D:7      | Noticed Menkaure
  6149 | D:7      | Killed Menkaure
  6281 | D:7      | Reached XP level 9. HP: 33/41 MP: 21/21
  6407 | D:7      | Reached skill level 8 in Spellcasting
  6793 | D:7      | Learned a level 4 spell: Ignite Poison
  7305 | D:8      | Reached * piety under Sif Muna
  7306 | D:8      | Reached skill level 9 in Spellcasting
  7910 | D:8      | Reached skill level 10 in Spellcasting
  7926 | D:8      | Identified a scroll of acquirement
  7927 | D:8      | Acquired the staff of the Enormous God {rPois rF+ Dex+2
                  | Alchemy}
  8113 | D:9      | Noticed a kobold demonologist
  8113 | D:9      | Found a sparkling altar of Nemelex Xobeh.
  8116 | D:9      | Noticed a two-headed ogre
  8118 | D:9      | Killed a kobold demonologist
  8119 | D:9      | Reached XP level 10. HP: 46/46 MP: 25/25
  8122 | D:9      | Killed a two-headed ogre
  8234 | D:9      | Learned a level 3 spell: Stone Arrow
  8238 | D:9      | Noticed Grum
  8244 | D:9      | Reached skill level 11 in Spellcasting
  8244 | D:9      | Killed Grum
  8322 | D:9      | Reached ** piety under Sif Muna
  8373 | D:9      | Identified the +5 chain mail "Vinavuri" {rN+ SInv}
  8590 | D:9      | Found a transporter.
  9086 | D:10     | Entered Level 10 of the Dungeon
  9105 | D:10     | Found a white marble altar of Elyvilon.
  9297 | D:10     | Reached skill level 12 in Spellcasting
  9297 | D:10     | Reached skill level 10 in Alchemy
  9304 | D:10     | Found a staircase to the Lair.
  9548 | D:10     | Found Narph's Weapon Boutique.
  9634 | D:10     | Reached *** piety under Sif Muna
  9635 | D:10     | Reached XP level 11. HP: 50/50 MP: 28/28
  9896 | D:10     | Found a staircase to the Orcish Mines.
 10092 | D:10     | Noticed Harold
 10101 | D:10     | Killed Harold
 10317 | Lair:1   | Entered Level 1 of the Lair of Beasts
 10340 | Lair:1   | Found the +8 longbow "Zephyr" {speed, Dex+3 SInv}
 10367 | Lair:1   | Reached skill level 13 in Spellcasting
 10477 | Lair:1   | Noticed an oklob plant
 10591 | Lair:1   | Reached skill level 5 in Fire Magic
 10605 | Lair:1   | Found a dark tunnel.
 10610 | Volcano  | Entered a volcano
 10719 | Volcano  | Noticed a deep elf pyromancer
 10725 | Volcano  | Noticed a deep elf pyromancer
 10728 | Volcano  | Killed a deep elf pyromancer
 10736 | Volcano  | Noticed a deep elf pyromancer
 10741 | Volcano  | Killed a deep elf pyromancer
 10742 | Volcano  | Reached skill level 1 in Earth Magic
 10844 | Volcano  | Noticed a deep elf archer
 10847 | Volcano  | Noticed a deep elf pyromancer
 10853 | Volcano  | Killed a deep elf pyromancer
 10853 | Volcano  | Killed a deep elf pyromancer
 10854 | Volcano  | Reached skill level 14 in Spellcasting
 10867 | Volcano  | Killed a deep elf archer
 10990 | Volcano  | Noticed a deep elf pyromancer
 10990 | Volcano  | Noticed a deep elf archer
 10993 | Volcano  | Killed a deep elf pyromancer
 10994 | Volcano  | Killed a deep elf archer
 10994 | Volcano  | Reached **** piety under Sif Muna
 11811 | Lair:1   | Killed from afar by an oklob plant

Illustrated notes

Levels and vault maps discovered:
D:1:      minmay_arrival_diagonal_passages, layout_rooms,
          hellmonk_ecumenical_altar_crossroads
D:2:      layout_rooms
D:3:      layout_rooms, cheibrodos_sewer_entry_sluice, serial_shops, shop,
          serial_bayou_pond_e, hex_large, minmay_joined_circles, uniq_jessica
D:4:      layout_cave_pools, uniq_sigmund
D:5:      layout_cave_pools, lemuel_coloured_pillars_altar,
          mainiacjoe_overflow_small_starburst, serial_glass, glass_columns_a,
          glass_columns_a, glass_columns_a, glass_columns_a, glass_columns_b,
          glass_columns_b, glass_columns_a, glass_columns_b
D:6:      layout_rooms, nicolae_hepliaklqana_hippocampus,
          nicolae_sif_muna_condensation, nicolae_gozag_seed_capital,
          minmay_temple_entry_proselytizer, serial_shops,
          nicolae_shop_peninsula, nicolae_shop_i_like_small_books_too
D:7:      layout_basic, uniq_menkaure
D:8:      layout_basic
D:9:      layout_long_grid, nemelex_xobeh_ov_fountains_minmay,
          nicolae_diode_basic, uniq_grum
D:10:     layout_roguey, mainiacjoe_overflow_six_doors_small, erik_lair_island,
          david_orc_4, kennysheep_small_circle, uniq_harold
Temple:   hellmonk_temple_of_storms
Lair:1:   layout_long_grid, enter_volcano_4, nicolae_lair_grazing_beasts
          [nicolae_sub_lair_graze_edge, nicolae_sub_lair_graze_edge,
          nicolae_sub_lair_graze_edge, nicolae_sub_lair_graze_edge]

Skill      XL: |  1  2  3  4  5  6  7  8  9 10 11 |
---------------+----------------------------------+-----
Spellcasting   | 3 4 5 7 10 12 14 | 14.5
Alchemy        | 4 5 6 7 8 10 12 | 12.3
Conjurations   | 1 2 3 4 |  4.0
Dodging        | 3 4 5 6 |  6.4
Air Magic      | 1 2 |  2.3
Fighting       | 1 |  1.8
Staves         | 1 |  1.3
Fire Magic     | 1 2 3 4 5 |  5.2
Stealth        | 4 |  4.6
Earth Magic    | 1 |  1.8
Short Blades   | |  0.3

Action                     |  1- 3 |  4- 6 |  7- 9 | 10-12 || total
---------------------------+-------+-------+-------+-------++-------
  Melee: Dagger            |    14 |       |       |       ||    14
         Staff             |    12 |    79 |    48 |     4 ||   143
         Short sword       |     5 |       |       |       ||     5
   Cast: Sting             |    82 |    71 |   193 |    16 ||   362
         Mercury Vapours   |     5 |     6 |    14 |     8 ||    33
         Mephitic Cloud    |     2 |     6 |     8 |     3 ||    19
         Sticky Flame      |       |     1 |    10 |     3 ||    14
         Scorch            |       |     3 |    24 |    10 ||    37
         Olgreb's Toxic Ra |       |       |    16 |    50 ||    66
         Ignite Poison     |       |       |    11 |    37 ||    48
         Stone Arrow       |       |       |       |    21 ||    21
    Use: Scroll            |     3 |     7 |    14 |     8 ||    32
         Potion            |       |     1 |     4 |       ||     5
 Armour: Robe              |    26 |    50 |    88 |    23 ||   187
  Dodge: Dodged            |    60 |    99 |   171 |    37 ||   367

Table legend: (Time is in decaauts)
 A = Elapsed time spent in this place.
 B = Non-inter-level travel time spent in this place.
 C = Inter-level travel time spent in this place.
 D = Time resting spent in this place.
 E = Time spent auto-exploring this place.
 F = Levels seen in this place.
 G = Mean time per level.
                   A        B        C        D        E       F      G
               +--------+--------+--------+--------+--------+-----+--------+
         Total |   9405 |   9099 |    306 |    632 |   6249 |  14 |  671.8 |
       Dungeon |   7852 |   7578 |    274 |    269 |   5568 |  10 |  785.2 |
        Temple |     66 |     64 |      2 |      0 |     31 |   1 |   66.0 |
          Lair |    659 |    630 |     29 |     94 |    322 |   1 |  659.0 |
         Sewer |    333 |    333 |      0 |      3 |    245 |   1 |  333.0 |
       Volcano |    493 |    493 |      0 |    266 |     81 |   1 |  493.0 |
               +--------+--------+--------+--------+--------+-----+--------+

Top non-repeatable levels by time:
     D:3: 1157 daAuts
    D:10: 1014 daAuts
     D:5: 844 daAuts
     D:8: 793 daAuts
     D:7: 790 daAuts
     D:9: 710 daAuts
     D:6: 701 daAuts
     D:4: 665 daAuts
  Lair:1: 659 daAuts
     D:1: 616 daAuts
     D:2: 558 daAuts
 Volcano: 493 daAuts
   Sewer: 333 daAuts
  Temple: 66 daAuts
